cohdb
Replays
Latest Replays
All Replays
Popular Replays
Top Player Replays
Match Explorer
How It Works
Community
CoH3 Stats
Reddit
Sign in to upload your games and track your stats! →
Sign in with Steam
Match 39529996
Unlisted
Match 39529996
Overview
Messages
Build Orders
End
Construct Barracks
Engineer Squad
Selects Armored Battlegroup
Selects Veteran Crews
1⁄4-ton 4x4 Truck
Riflemen Squad
Riflemen Squad
Mechanized Support Center
Construct Motor Pool
Riflemen Squad
Selects Fast Deploy
Selects Field Repairs
M24 Chaffee Light Tank
Designate Forward Repair Station
M16 Multiple Gun Motor Carriage
M3 75 mm Gun Motor Carriage
M16 Multiple Gun Motor Carriage
Engineer Squad
Engineer Squad
M1 Anti-tank Gun Team
Construct Tank Depot
Riflemen Squad
Improvised Armor
Selects Seek and Destroy
Selects Field Repairs
Selects UNKNOWN (2160077)
Selects War Machine
Field Repairs
M18 Hellcat Tank Destroyer
Seek and Destroy
M1918 Browning Automatic Rifles
Elphiroce
McLovin
Raspberry
UH|dun! ツ
UH|ck
UH|XTC
0
0
Comments
sign in to comment!
No comments posted yet!